 Dungeon Crawl Stone Soup version 0.21-a0-625-g1119ec1 (webtiles) character file.

33 Klosterheim the Charmwright (level 3, 0/24 HPs)
             Began as a Halfling Skald on Dec 25, 2017.
             Slain by a worm (2 damage)
             ... on level 2 of the Dungeon.
             The game lasted 00:02:41 (1009 turns).

Klosterheim the Charmwright (Halfling Skald)        Turns: 1009, Time: 00:02:41

Health: 0/24       AC:  3    Str: 12    XL:     3   Next: 47%
Magic:  3/5        EV: 14    Int: 12    God:
Gold:   30         SH:  0    Dex: 13    Spells: 4/5 levels left

rFire    . . .     SeeInvis .   a - +0 falchion
rCold    . . .     Gourm    .   (shield restricted)
rNeg     . . .     Faith    .   b - +0 leather armour
rPois    .         Spirit   .   (no helmet)
rElec    .         Reflect  .   (no cloak)
rCorr    .         Harm     .   (no gloves)
MR       .....                  (no boots)
Stlth    +.........             (no amulet)
HPRegen  0.08/turn              (no ring)
MPRegen  0.09/turn              (no ring)

@: infused
A: small, mutation resistance 1
a: no special abilities


You were on level 2 of the Dungeon.
You were not hungry.

You visited 1 branch of the dungeon, and saw 2 of its levels.

You collected 30 gold pieces.

Inventory:

Hand Weapons
 a - a +0 falchion (weapon)
Armour
 b - a +0 leather armour (worn)
Scrolls
 g - 2 scrolls of identify {unknown}
 h - a scroll of enchant armour {unknown}
 i - 2 scrolls of teleportation {unknown}
 j - a scroll of enchant weapon {unknown}
Potions
 e - a potion of magic {unknown}
 k - a potion of mutation {unknown}
 l - 2 potions of curing {unknown}
 m - a potion of might {unknown}
Books
 c - a book of Battle

   Spells                             Type                      Level
   a - Infusion                       Charms                       1
   b - Shroud of Golubria             Charms/Translocation         2
   c - Song of Slaying                Charms                       2
   d - Spectral Weapon                Hexes/Charms                 3
   e - Regeneration                   Charms/Necromancy            3
Comestibles
 d - a ration
 f - 2 chunks of flesh


   Skills:
 + Level 2.2 Fighting
 * Level 2.9 Long Blades
 - Level 1.1 Armour
 - Level 2.1 Dodging
 - Level 1.5 Spellcasting
 + Level 3.6 Charms


You had 4 spell levels left.
You knew the following spells:

 Your Spells              Type           Power        Failure   Level  Hunger
a - Infusion              Chrm           #...         9%          1    ##.....


Dungeon Overview and Level Annotations

Branches:
Dungeon (2/15)

Altars:


Innate Abilities, Weirdness & Mutations

You are small and have problems with some larger weapons.
You are somewhat resistant to further mutation.


Message History

A worm is nearby!
Unknown command.
You hit the worm.
The worm is lightly wounded.
Unknown command.
You hit the worm.
The worm is heavily wounded.
The worm bites you.
Casting: Infusion
Confirm with . or Enter, or press ? or * to list all spells.
You begin infusing your attacks with magical energy.
The worm bites you.
You barely miss the worm.
The worm is moderately wounded.
The worm bites you!
* * * LOW HITPOINT WARNING * * *
You hit the worm.
The worm is heavily wounded.
The worm bites you.
You die...

#.# .....
# #.##...
#.##....
#.....#
#.# #.#
#.#
#w#######
#@<.....#
#######...


You could see a worm.

Vanquished Creatures
  An ooze (D:1)
  A dart slug (D:1)
  4 bats (D:1)
  4 giant cockroaches (D:1)
  2 goblins (D:1)
  2 hobgoblins (D:1)
  6 kobolds (D:1)
  2 frilled lizards (D:1)
  4 rats (D:1)
26 creatures vanquished.

Notes
Turn   | Place    | Note
-------+----------+-------------------------------------------
     0 | D:1      | Klosterheim the Halfling Skald began the quest for the Orb.
     0 | D:1      | Reached XP level 1. HP: 14/14 MP: 3/3
   100 | D:1      | Reached XP level 2. HP: 15/19 MP: 4/4
   683 | D:1      | Reached XP level 3. HP: 23/24 MP: 1/5
  1009 | D:2      | Slain by a worm

Vault maps used:
D:1:      shiori_shiawase
D:2:      kennysheep_six_static_rooms, old_standard_altar,
          lemuel_coloured_pillars_altar

Skill      XL: |  1  2 |
---------------+-------+-----
Fighting       | 2 |  2.2
Long Blades    | |  2.9
Armour         | |  1.1
Dodging        | |  2.1
Spellcasting   | |  1.5
Charms         | |  3.6

Action                   || total
-------------------------++-------
Melee: Falchion          ||    79
 Cast: Infusion          ||     9
  Eat: Chunk             ||     1
Armor: Leather armour    ||    22
Dodge: Dodged            ||    63
       Rpst.: Falchion   ||    21

Table legend:
 A = Spawn XP
 B = Non-spawn XP
 C = Spawn XP percentage of total XP
 D = Spawn monster count
 E = Non-spawn monster count
 F = Spawn count percentage of total count
 G = Total turns spent on level
                    A         B        C        D         E        F      G
               +---------+---------+-------+---------+---------+-------+---------
         Total |       0 |      48 |   0.0 |       0 |      26 |   0.0 |  1009
               +---------+---------+-------+---------+---------+-------+---------
           D:1 |       0 |      48 |   0.0 |       0 |      26 |   0.0 |   984
               +---------+---------+-------+---------+---------+-------+---------
